Map: New Repugnancy LE

Players

Harstem

  • Race: Protoss Protoss
  • League: Grandmaster
  • Spawn Location: 1:00

Starbuck - Winner!

  • Race: Zerg Zerg
  • Spawn Location: 7:00

Event: 2019 WCS Winter Europe

VOD

Have the link to the VOD?

Description

Time

  • Played on: Feb. 2, 2019, 12:13 p.m.
  • Length: 17:22

All games in this series

Show
View Real Time Build Order
Export as new Build Order

Harstem Protoss 

Build Orders: 1 Gate Expand, Oracle Opening, Chargelot Immortal 

Get SALT Encoding   

  12  0:00  Probe  
  13  0:12  Probe  
  14  0:19  Pylon  
  14  0:24  Probe  
  15  0:33  Probe  
  15  0:38  Gateway  
  15  0:41  Probe  
  16  0:48  Assimilator  
  17  0:52  Probe  
  18  1:04  Probe  
  19  1:16  Probe  
  20  1:23  Nexus  
  20  1:33  Cybernetics Core  
  20  1:36  Probe  
  21  1:44  Assimilator  
  21  1:48  Probe  
  21  1:53  Pylon  
  22  2:00  Probe  
  23  2:02  Adept  
  23  2:09  Probe  
  26  2:17  Probe  
  26  2:21  Stargate  
  27  2:27  Probe  
  28  2:32  Warp Gate  
  28  2:35  Probe  
  29  2:39  Probe  
  29  2:40  Stalker  
  32  2:47  Probe  
  33  2:52  Gateway  
  33  2:53  Probe  
  34  2:59  Oracle  
  34  3:00  Probe  
  34  3:05  Probe  
  36  3:12  Probe  
  40  3:17  Probe  
  40  3:18  Pylon  
  41  3:24  Probe  
  42  3:27  Oracle  
  42  3:29  Probe  
  42  3:36  Probe  
  42  3:41  Probe, Pylon  
  46  3:47  Pylon  
  46  3:48  Probe  
  48  3:50  Assimilator  
  48  3:53  Probe  
  48  3:55  Assimilator  
  49  4:00  Probe  
  50  4:05  Probe  
  50  4:08  Robotics Facility  
  50  4:09  Forge  
  51  4:12  Probe  
  52  4:17  Probe  
  52  4:20  Adept  
  52  4:21  Adept  
  57  4:24  Probe  
  57  4:30  Probe  
  59  4:36  Probe  
  60  4:42  Protoss Ground Weapons Level 1, Probe  
  60  4:44  Robotics Facility  
  61  4:45  Nexus  
  61  4:49  Pylon  
  61  4:50  Probe  
  62  4:53  Sentry x2  
  62  4:58  Immortal  
  68  5:09  Probe, Pylon  
  71  5:19  Gateway  
  71  5:21  Immortal, Gateway  
  71  5:25  Sentry x2  
  71  5:26  Pylon  
  72  5:33  Immortal  
  72  5:34  Probe x2  
  78  5:46  Probe  
  83  5:54  Zealot, Immortal  
  83  5:55  Sentry  
  88  6:01  Pylon  
  87  6:16  Zealot x2  
  87  6:17  Zealot  
  91  6:21  Immortal  
  91  6:24  Immortal  
  85  6:26  Probe  
  85  6:28  Probe  
  85  6:29  Oracle  
  91  6:34  Sentry  
  91  6:37  Shield Battery  
  96  6:40  Probe  
  96  6:41  Zealot  
  96  6:42  Probe  
  96  6:44  Probe  
  96  6:46  Sentry  
  103  6:52  Probe  
  104  6:55  Observer, Probe  
  104  6:56  Probe  
  107  7:01  Warp Prism  
  109  7:08  Gateway  
  109  7:10  Twilight Council, Gateway  
  109  7:12  Pylon x2  
  109  7:20  Zealot  
  109  7:22  Assimilator, Protoss Ground Weapons Level 2  
  111  7:25  Shield Battery  
  111  7:26  Photon Cannon  
  111  7:32  Probe  
  111  7:34  Sentry  
  111  7:35  Zealot x2  
  111  7:36  Probe  
  119  7:37  Assimilator  
  119  7:39  Pylon  
  119  7:40  Pylon, Shield Battery  
  119  7:47  Probe  
  119  7:50  Probe  
  121  7:51  Probe  
  121  7:52  Charge  
  119  7:59  Probe  
  119  8:04  Zealot x5  
  128  8:08  Probe  
  124  8:16  Zealot, Immortal x2  
  126  8:25  Templar Archives  
  126  8:38  Phoenix  
  128  8:41  Gateway  
  128  8:43  Gateway  
  128  8:47  Immortal, Pylon  
  128  8:48  Zealot  
  128  8:52  Pylon  
  128  8:54  Pylon  
  134  8:56  Zealot, Pylon  
  134  8:58  Psionic Storm  
  136  9:10  High Templar x2  
  136  9:11  High Templar  
  136  9:16  Immortal  
  142  9:32  High Templar x2  
  142  9:33  Zealot  
  144  9:40  Protoss Ground Weapons Level 3  
  144  9:41  Zealot, Archon  
  144  9:42  Zealot  
  134  9:46  Probe  
  134  9:51  Immortal  
  135  9:53  Immortal  
  135  9:55  Zealot x4  
  125  10:18  High Templar x2  
  125  10:19  Nexus  
  125  10:20  Zealot x5  
  137  10:23  Pylon  
  137  10:27  Warp Prism  
  139  10:37  High Templar  
  139  10:41  Shield Battery  
  139  10:42  Photon Cannon  
  141  10:43  Photon Cannon  
  141  10:44  High Templar  
  141  10:47  Photon Cannon  
  143  10:50  Observer  
  143  10:54  Archon  
  143  11:00  High Templar x2  
  143  11:01  Zealot x4  
  156  11:04  Photon Cannon  
  156  11:05  Photon Cannon  
  156  11:15  Sentry  
  156  11:21  Stalker  
  157  11:32  Stalker x2  
  159  11:33  Stalker  
  159  11:34  Stalker, Void Ray  
  159  11:37  Zealot x2  
  171  11:47  Zealot x2  
  171  11:51  Pylon  
  171  11:52  Pylon  
  165  11:54  Pylon  
  165  12:01  Zealot  
  165  12:02  Zealot x5  
  165  12:06  Warp Prism  
  165  12:08  Zealot x2, Immortal  
  163  12:24  Zealot  
  163  12:25  Zealot x5  
  169  12:40  Probe  
  169  12:42  Zealot  
  146  12:54  Zealot x4  
  132  13:18  Zealot x4  
  119  13:32  Probe  
  119  13:33  Probe  
  107  13:44  Probe  
  107  13:47  Cybernetics Core  
  93  13:51  Pylon x2  
  79  13:56  Zealot x3  
  79  13:58  Probe  
  83  14:02  Probe  
  77  14:14  Probe  
  78  14:19  Zealot x3, Probe  
  78  14:20  Zealot  
  77  14:25  Probe  
  77  14:29  Probe  
  75  14:33  Probe  
  75  14:37  Probe  
  75  14:42  Probe  
  75  14:45  Probe  
  72  14:49  Zealot x2  
  72  14:50  Pylon  
  72  14:52  Probe  
  78  14:54  Probe  
  78  14:57  Gateway  
  78  15:04  Probe  
  78  15:08  Probe  
  78  15:09  Cybernetics Core  
  78  15:13  Zealot  
  64  15:21  Probe  
  64  15:22  Zealot x2  
  59  15:34  Probe x2  
  57  15:47  Stargate  
  57  15:49  Probe  
  58  15:50  Twilight Council  
  58  15:51  Probe  
  57  16:01  Probe  
  57  16:04  Sentry x4  
  66  16:17  Assimilator  
  65  16:29  Shield Battery  
  65  16:31  Zealot x3, Dark Shrine  
  70  16:40  Zealot  
  70  16:44  Probe x2  
  72  16:53  Zealot x2  
  70  16:56  Probe  
  70  16:57  Zealot  
  61  17:05  Zealot  
  45  17:16  Zealot  
Show
View Real Time Build Order
Export as new Build Order

Starbuck Zerg - Winner!

Build Orders: Hatch First, Roach Hydra 

Get SALT Encoding   

  12  0:00  Drone  
  13  0:12  Overlord  
  13  0:16  Drone  
  14  0:30  Drone x2  
  14  0:33  Drone  
  17  0:51  Hatchery  
  17  0:53  Drone  
  17  0:57  Drone  
  18  1:07  Extractor  
  17  1:12  Spawning Pool  
  17  1:14  Drone  
  17  1:18  Drone  
  18  1:27  Drone  
  19  1:38  Drone  
  20  1:49  Overlord  
  20  1:58  Queen  
  22  2:02  Queen  
  22  2:03  Zergling x4  
  22  2:06  Metabolic Boost  
  26  2:10  Drone  
  26  2:14  Drone  
  28  2:22  Drone  
  29  2:26  Drone  
  30  2:34  Drone  
  30  2:35  Drone  
  32  2:45  Overlord  
  32  2:47  Hatchery, Drone  
  32  2:53  Drone  
  32  2:56  Queen  
  35  2:58  Drone  
  35  3:05  Drone  
  37  3:08  Drone x2  
  37  3:09  Overlord  
  39  3:13  Drone x2  
  39  3:15  Drone  
  39  3:19  Overlord  
  42  3:23  Drone  
  43  3:27  Overlord  
  43  3:32  Roach Warren  
  43  3:33  Drone  
  43  3:38  Spore Crawler  
  42  3:43  Drone x2  
  42  3:45  Drone  
  42  3:46  Drone x2  
  42  3:47  Drone  
  48  3:53  Lair, Extractor  
  45  4:04  Drone x3  
  45  4:05  Queen  
  50  4:13  Spore Crawler  
  50  4:14  Drone x2  
  51  4:18  Drone  
  51  4:21  Extractor, Drone  
  51  4:24  Roach x4  
  58  4:27  Roach  
  61  4:44  Drone x5  
  61  4:45  Extractor, Drone x2  
  66  4:46  Overlord  
  66  4:50  Glial Reconstitution  
  66  4:51  Overlord  
  66  4:58  Overlord  
  66  5:05  Roach x4  
  73  5:08  Overlord  
  73  5:11  Roach  
  73  5:12  Roach  
  73  5:18  Roach x2  
  77  5:26  Roach  
  77  5:27  Roach x3  
  85  5:29  Roach  
  85  5:31  Overlord  
  85  5:35  Roach  
  89  5:39  Roach x2  
  89  5:40  Zergling x2  
  94  5:43  Overlord  
  94  5:46  Roach  
  96  5:52  Overlord  
  96  5:53  Zergling x2  
  96  5:54  Ravager, Zergling x2  
  96  5:55  Ravager  
  96  5:56  Zergling x2  
  102  5:57  Zergling x2  
  102  6:00  Zergling x4  
  74  6:26  Drone x6  
  74  6:28  Drone x2  
  74  6:30  Hydralisk Den, Drone  
  74  6:31  Drone x6  
  85  6:40  Overlord  
  85  6:45  Extractor, Drone x3  
  87  6:48  Roach x5  
  97  6:55  Overlord  
  95  7:01  Hydralisk x4  
  103  7:08  Hydralisk, Grooved Spines  
  103  7:12  Extractor, Drone x3  
  103  7:14  Hydralisk  
  109  7:17  Drone  
  109  7:19  Hydralisk  
  109  7:20  Hydralisk  
  113  7:25  Drone x2  
  113  7:27  Evolution Chamber  
  113  7:28  Hydralisk x2  
  118  7:37  Drone  
  118  7:38  Hydralisk x2, Overlord  
  118  7:40  Hydralisk  
  118  7:42  Hydralisk  
  127  7:45  Roach  
  127  7:47  Overlord  
  127  7:49  Roach  
  127  7:50  Roach  
  133  7:58  Roach  
  133  7:59  Roach x4  
  133  8:03  Roach x2  
  133  8:05  Overlord  
  145  8:11  Roach x2  
  143  8:14  Roach x2  
  143  8:16  Roach  
  143  8:18  Hydralisk  
  143  8:20  Muscular Augments  
  143  8:21  Ravager  
  144  8:33  Hydralisk x2  
  144  8:34  Hydralisk x4  
  146  8:40  Drone  
  157  8:47  Ravager x2  
  159  8:48  Zergling x2  
  159  8:49  Zergling x4  
  159  8:50  Overlord  
  162  8:56  Hatchery  
  162  9:02  Overlord  
  155  9:03  Zerg Missile Weapons Level 1  
  155  9:05  Pneumatized Carapace  
  151  9:11  Hydralisk x3  
  151  9:12  Hydralisk  
  151  9:16  Drone  
  161  9:17  Drone x5  
  164  9:36  Hydralisk  
  164  9:37  Hydralisk x3  
  164  9:38  Hydralisk x4  
  170  9:39  Hydralisk  
  170  9:42  Roach  
  170  9:44  Roach  
  170  9:45  Roach  
  145  9:56  Hydralisk x3  
  145  9:57  Roach x2  
  145  9:58  Roach  
  142  10:02  Roach x2  
  142  10:04  Roach  
  142  10:06  Hydralisk  
  140  10:12  Roach x2  
  135  10:17  Hydralisk  
  135  10:18  Roach  
  139  10:21  Queen  
  139  10:23  Extractor  
  140  10:38  Drone x3  
  140  10:39  Drone x3  
  140  10:40  Extractor  
  145  10:49  Drone  
  146  10:57  Drone  
  146  10:58  Spore Crawler, Drone x3  
  146  11:00  Hydralisk x2  
  146  11:01  Roach x3  
  159  11:16  Hydralisk x3  
  163  11:22  Roach x6  
  163  11:23  Overlord x2  
  163  11:24  Hatchery  
  174  11:29  Overlord x2  
  174  11:32  Nydus Network  
  173  11:39  Overlord  
  173  11:43  Lurker Den  
  168  11:53  Hydralisk x10  
  170  11:54  Roach  
  170  11:59  Hydralisk x2  
  170  12:01  Zergling x6  
  187  12:12  Nydus Canal  
  169  12:21  Hydralisk x2  
  161  12:22  Roach  
  161  12:23  Roach x2  
  163  12:34  Roach x15  
  189  12:42  Roach x3  
  189  12:43  Overlord  
  158  13:00  Roach x4  
  158  13:01  Roach x2  
  146  13:26  Hydralisk  
  125  13:54  Hydralisk x3  
  119  13:56  Roach  
  119  13:57  Roach x2  
  122  14:14  Hydralisk x2  
  122  14:15  Extractor  
  111  14:23  Hydralisk x2  
  115  14:30  Hatchery  
  104  14:47  Hydralisk x2  
  104  14:48  Roach x3  
  110  14:57  Extractor  
  105  15:10  Hatchery  
  82  15:14  Roach  
  82  15:15  Roach  
  82  15:17  Roach x3  
  82  15:18  Roach x2  
  82  15:20  Roach  
  81  15:34  Hydralisk x2  
  75  15:41  Hydralisk x2  
  79  15:46  Ravager x2  
  79  15:47  Ravager  
  82  15:52  Hydralisk x2  
  86  16:08  Hydralisk x2  
  90  16:20  Ravager x2  
  98  16:25  Roach x3  
  98  16:36  Hydralisk x2  
  90  16:56  Zergling x14  
  83  17:01  Zergling x4  
Tags
 
Add a new tag
Caveats
  • Supply blocks, unpowered buildings, or Contaminate may cause inaccurate times.
  • Supply counts are checked every 10 seconds.